 Dungeon Crawl Stone Soup version 0.31-a0-210-gccc998df9b (webtiles) character file.

Game seed: 10941072605396068944

49 qw the Chopper (level 3, -1/23 HPs)
             Began as a Gargoyle Fighter on June 29, 2023.
             Slain by a gnoll
             ... wielding a +0 spear of venom
              (3 damage)
             ... on level 3 of the Dungeon.
             The game lasted 00:00:48 (1872 turns).

qw the Chopper (Gargoyle Fighter)                   Turns: 1872, Time: 00:00:48

Health: -1/23      AC: 13    Str: 21    XL:     3   Next: 75%
Magic:  3/3        EV:  7    Int:  8    God:
Gold:   135        SH:  4    Dex:  9    Spells: 2/2 levels left

rFire   . . .        Y - +0 war axe
rCold   . . .        c - +0 buckler
rNeg    + . .        j - +0 chain mail
rPois   inf          i - +0 helmet
rElec   +            (no cloak)
rCorr   .            (no gloves)
SInv    .            (no boots)
Will    .....        (no amulet) Stlth
                     (no ring)
HPRegen 0.23/turn    (no ring)
MPRegen 0.08/turn

%: no passive effects
@: about to teleport
A: sickness immunity, AC +3, negative energy resistance 1, electricity
resistance, torment resistance 1, petrification resistance
a: no special abilities


You were on level 3 of the Dungeon.
You visited 1 branch of the dungeon, and saw 3 of its levels.

You collected 219 gold pieces.
You spent 84 gold pieces at shops.


Innate Abilities, Weirdness & Mutations

You are immune to sickness and miasma.
Your stone body is resilient. (AC +3)
You are immune to poison.
You resist negative energy. (rN+)
You are resistant to electric shocks. (rElec)
You are resistant to unholy torment.
You are immune to petrification.


   Skills:
 - Level 3.2 Fighting
 + Level 3.6 Axes
 - Level 3.2 Armour
 - Level 3.2 Shields


You had 2 spell levels left.
You didn't know any spells.
Your spell library was empty.

Inventory:

Hand Weapons
 m - a +0 mace
 Y - a +0 war axe (weapon)
Armour
 c - a +0 buckler (worn)
 i - a +0 helmet (worn)
 j - a +0 chain mail (worn)
Scrolls
 a - a scroll of identify
Potions
 d - 2 potions of might
 e - a potion of brilliance {unknown}
 h - a potion of degeneration {unknown}
 l - a potion of heal wounds {unknown}
 n - a potion of curing {unknown}

Dungeon Overview and Level Annotations

Branches:
Dungeon (3/15)

Altars:

Shops:
D:1 (?[[


Message History

Found an escape hatch in the floor.
Found a stone staircase leading up.
There is a stone staircase leading up here.
There are monsters nearby!
Waypoint 2 assigned to D:3.
A gnoll comes into view. It is wielding a +0 halberd.
Found an escape hatch in the ceiling.
The gnoll shouts!
You block the gnoll's attack.
An ufetubus comes into view.
The ufetubus shouts!
You closely miss the gnoll.
The gnoll hits you but does no damage. x2
You barely miss the gnoll. The gnoll barely misses you.
The gnoll hits you but does no damage.
The gnoll hits you from afar with a +0 spear of venom.
You hit the gnoll.
The gnoll is heavily wounded.
The gnoll hits you but does no damage. You block the gnoll's attack.
The gnoll hits you from afar with a +0 spear of venom.
The ufetubus hits you but does no damage.
The ufetubus barely misses you.
You closely miss the gnoll.
The gnoll is heavily wounded.
You completely miss the giant cockroach.
You barely miss the ufetubus. You block the ufetubus's attack.
The ufetubus barely misses you.
The gnoll hits you from afar with a +0 halberd!
The gnoll closely misses you. The giant cockroach barely misses you.
The ufetubus barely misses you. x2; The gnoll barely misses you.
The gnoll hits you but does no damage.
The gnoll hits you from afar with a +0 spear of venom.
1872 ||| READING scroll of teleportation.
As you read the scroll of teleportation, it crumbles to dust.
You feel strangely unstable.
The giant cockroach bites you but does no damage.
The ufetubus barely misses you.
The ufetubus hits you but does no damage.
The gnoll hits you but does no damage. The gnoll barely misses you.
The gnoll hits you from afar with a +0 spear of venom.
You die...

##.#. #...
#######..##
#.........#
#.........#
#<........#####.#
#...g............
#...g.@B.<#
......5g..........
............#####.
.#.............
#.....<...####
#.........#
########..> #..##


You could see 3 gnolls, an ufetubus and a giant cockroach.

Vanquished Creatures
  A worm (D:2)
  2 dart slugs (D:1)
  4 bats
  An endoplasm (D:1)
  5 giant cockroaches
  6 goblins
  5 hobgoblins
  A ball python (D:1)
  2 frilled lizards
  6 kobolds
  5 rats
38 creatures vanquished.

Notes
Turn   | Place    | Note
-------+----------+-------------------------------------------
     0 | D:1      | qw the Gargoyle Fighter began the quest for the Orb.
     0 | D:1      | Reached XP level 1. HP: 14/14 MP: 1/1
     0 | D:1      | 0 ||| qw: Version: 0.3-a-24-g62f9e04
     0 | D:1      | 0 ||| qw: Game counter: 6685
     0 | D:1      | 0 ||| qw: Melee chars always use a shield: true
     0 | D:1      | 0 ||| qw: God list: Okawaru
     0 | D:1      | 0 ||| qw: Allow faded altars: false
     0 | D:1      | 0 ||| qw: Do Orc after clearing Dungeon:15 true
     0 | D:1      | 0 ||| qw: Do second Lair branch before Depths: true
     0 | D:1      | 0 ||| qw: Lair rune preference: random
     0 | D:1      | 0 ||| qw: Goals: Normal, Zot:1-4, Slime:5, God:TSO, Crypt,
                  | Tomb, Abyss, Pan, Hells, Win
     0 | D:1      | 0 ||| PLANNING D:1-11
   175 | D:1      | Reached XP level 2. HP: 17/19 MP: 2/2
   272 | D:1      | 272 ||| Stepping ~*~*~tactically~*~*~ (stealth).
   341 | D:1      | 341 ||| READING scroll labelled MOITIN ZUEMACI.
   432 | D:1      | Found Yvyufip's Magic Scroll Emporium.
   435 | D:1      | 435 ||| SHOPLISTING scroll of enchant weapon (97 gold, have
                  | 50).
   435 | D:1      | 435 ||| BUYING scroll of identify (26 gold).
   435 | D:1      | Bought a scroll of identify for 26 gold pieces
   435 | D:1      | 435 ||| SHOPLISTING scroll of identify (26 gold, have 24).
   447 | D:1      | 447 ||| Stepping ~*~*~tactically~*~*~ (stealth).
   462 | D:1      | 462 ||| DROPPING +0 club.
   502 | D:1      | Reached skill level 3 in Axes
   551 | D:1      | Found Jior's Weapon Boutique.
   584 | D:1      | Found Hiumm's Armour Shoppe.
   588 | D:1      | 588 ||| SHOPLISTING +0 chain mail of poison resistance (119
                  | gold, have 60).
   588 | D:1      | 588 ||| SHOPLISTING +0 pair of boots (63 gold, have 60).
   588 | D:1      | 588 ||| SHOPLISTING +0 tower shield (63 gold, have 60).
   663 | D:1      | Found Turenoup's Armour Emporium.
   667 | D:1      | 667 ||| BUYING +0 helmet (58 gold).
   667 | D:1      | Bought a +0 helmet for 58 gold pieces
   667 | D:1      | 667 ||| SHOPLISTING +0 plate armour (299 gold, have 2).
   801 | D:1      | 801 ||| UPGRADING to +0 helmet.
   806 | D:1      | 806 ||| READING scroll labelled ELECOZ YRGHA.
   817 | D:1      | 817 ||| READING scroll labelled JULIKLAR ISUASU.
   839 | D:2      | 839 ||| STAIRDANCE
   849 | D:1      | Reached XP level 3. HP: 18/23 MP: 3/3
  1137 | D:2      | 1137 ||| Stepping ~*~*~tactically~*~*~ (stealth).
  1226 | D:2      | 1226 ||| Stepping ~*~*~tactically~*~*~ (hiding).
  1227 | D:2      | 1227 ||| Stepping ~*~*~tactically~*~*~ (hiding).
  1228 | D:2      | 1228 ||| Stepping ~*~*~tactically~*~*~ (hiding).
  1624 | D:2      | Identified the +2 leather armour of Mahinese {SInv}
  1625 | D:2      | 1625 ||| Stepping ~*~*~tactically~*~*~ (hiding).
  1626 | D:2      | 1626 ||| Stepping ~*~*~tactically~*~*~ (hiding).
  1733 | D:2      | 1733 ||| DROPPING +0 whip.
  1772 | D:2      | 1772 ||| UPGRADING to +0 chain mail.
  1782 | D:2      | 1782 ||| DROPPING +0 scale mail.
  1783 | D:2      | 1783 ||| READING scroll labelled JUGGUUT KEIRRILUY.
  1871 | D:3      | HP: 3/23 [gnoll/+0 halberd (11)]
  1872 | D:3      | 1872 ||| READING scroll of teleportation.
  1872 | D:3      | Slain by a gnoll

Levels and vault maps discovered:
D:1:      beargit_arrival_greenhouse, layout_loops_ring, serial_shops, shop,
          shop, nicolae_shop_trees, shop
D:2:      layout_rooms, minmay_misc_feat_pillars, kennysheep_small_spiral,
          minivault_19, minmay_goblin_kobold_house
D:3:      layout_rooms, minmay_misc_feat_square, nicolae_shop_vocational

Skill      XL: |  1  2 |
---------------+-------+-----
Axes           | 2 3 |  3.6
Fighting       | |  3.2
Armour         | |  3.2
Shields        | |  3.2

Action                     || total
---------------------------++-------
  Melee: War axe           ||   124
    Use: Scroll            ||     5
 Armour: Scale mail        ||    63
         Chain mail        ||     9
  Dodge: Dodged            ||    57
  Block: Buckler           ||    20

Table legend:
 A = Non-vault XP
 B = Vault XP
 C = Vault XP percentage of total XP
 D = Non-vault monster count
 E = Vault monster count
 F = Vault count percentage of total count
                 A         B        C        D         E       F
            +---------+---------+-------+---------+---------+-------
      Total |      56 |      14 |  20.0 |      31 |       7 |  18.4
            +---------+---------+-------+---------+---------+-------
        D:1 |      35 |       0 |   0.0 |      20 |       0 |   0.0
        D:2 |      21 |      14 |  40.0 |      11 |       7 |  38.9
            +---------+---------+-------+---------+---------+-------
